 Dungeon Crawl Stone Soup version 0.30-a0-779-g7971cf19c3 (webtiles) character file.

Game seed: 925756451637603461

156 DskReedErrur the Vexing (level 5, -1/28 HPs)
             Began as a Deep Elf Hexslinger on Feb 17, 2023.
             Was a Follower of Nemelex Xobeh.
             Slain by an orc
             ... wielding a +0 mace
              (3 damage)
             ... on level 2 of the Dungeon.
             The game lasted 00:36:25 (2446 turns).

DskReedErrur the Vexing (Deep Elf Hexslinger)       Turns: 2446, Time: 00:36:25

Health: -1/28      AC:  3    Str:  9    XL:     5   Next: 14%
Magic:  4/12       EV: 12    Int: 18    God:    Nemelex Xobeh [*.....]
Gold:   103        SH:  0    Dex: 15    Spells: 3/10 levels left

rFire   + . .      SeeInvis .    a - +2 sling
rCold   + . .      Faith    .    (no shield)
rNeg    . . .      Spirit   .    c - +1 robe
rPois   +          Reflect  .    (no helmet)
rElec   +          Harm     .    (no cloak)
rCorr   +          Rampage  .    (no gloves)
Will    .....                    (no boots)
Stlth   +                        (no amulet)
HPRegen 0.24/turn                (no ring)
MPRegen 0.13/turn                (no ring)

@: resistant, very slightly contaminated
A: no striking features
a: Renounce Religion, Draw Escape, Draw Destruction, Draw Summoning


You were on level 2 of the Dungeon.
You worshipped Nemelex Xobeh.
Nemelex Xobeh was aware of your devotion.
You visited 1 branch of the dungeon, and saw 3 of its levels.

You collected 103 gold pieces.

Inventory:

Hand Weapons
 a - a +2 sling (weapon)
 e - a +0 dagger
Missiles
 f - 20 stones
Armour
 c - a +1 robe (worn)
Scrolls
 b - a scroll of poison
 g - a scroll of magic mapping
 h - a scroll of identify
 l - 2 scrolls of enchant weapon
Potions
 d - 2 potions of haste
 i - a potion of brilliance
 j - a potion of flight


   Skills:
 - Level 0.7 Fighting
 + Level 4.3 Ranged Weapons
 - Level 2.4 Dodging
 - Level 3.3 Spellcasting
 * Level 5.4 Hexes
 + Level 2.1 Translocations


You had 3 spell levels left.
You knew the following spells:

 Your Spells              Type           Power      Damage    Failure   Level
a - Slow                  Hex            88%        N/A       1%          1
b - Inner Flame           Hex/Fire       12%        N/A       16%         3
c - Portal Projectile     Hex/Tloc       32%        N/A       10%         3

Your spell library contained the following spells:

 Spells                   Type           Power      Damage    Failure   Level
 Ensorcelled Hibernation  Hex/Ice        24%        N/A       8%          2
 Spider Form              Tmut/Pois      3%         N/A       43%         3
 Cause Fear               Hex            11%        N/A       17%         4
 Anguish                  Hex/Necr       6%         N/A       45%         4
 Summon Mana Viper        Hex/Summ       12%        N/A       82%         5
 Summon Forest            Summ/Tloc      3%         N/A       96%         5
 Summon Cactus Giant      Summ           1%         N/A       100%        6


Dungeon Overview and Level Annotations

Branches:
Dungeon (3/15)

Altars:
Nemelex Xobeh

Shops:
D:3 ?


Message History

Fire: a) +2 sling
Press: ? - help, Shift-Dir - straight line, f/p - adder
Aim: an adder (lightly wounded, slow, 42% to hit)
You shoot a sling bullet. The sling bullet hits the adder.
The adder is severely wounded.
You feel sick. The adder bites you but does no damage.
The orc barely misses you.
Fire: a) +2 sling
Press: ? - help, Shift-Dir - straight line, f/p - adder
Aim: an adder (severely wounded, slow, 42% to hit)
You shoot a sling bullet.
The sling bullet barely misses the adder.
You feel sick. The adder bites you but does no damage.
The orc barely misses you.
Casting: Portal Projectile (quite dangerous; 10% risk of failure)
Confirm with . or Enter, or press ? or * to list all spells.
Okay, then.
Casting: Portal Projectile (quite dangerous; 10% risk of failure)
Confirm with . or Enter, or press ? or * to list all spells.
Aiming: Slow (safe; 1% risk of failure)
Press: ? - help, Shift-Dir - straight line, f - orc, p - adder
Aim: an orc, wielding a +0 mace and wearing a +0 chain mail (chance to affect: 71%)
The orc seems to slow down.
You feel sick.
The adder is no longer moving slowly.
The adder bites you. The orc hits you with a +0 mace!
* * * LOW HITPOINT WARNING * * *
You feel protected.
You feel sick. The adder closely misses you.
Casting: Slow (safe; 1% risk of failure)
Confirm with . or Enter, or press ? or * to list all spells.
Aiming: Slow (safe; 1% risk of failure)
Press: ? - help, Shift-Dir - straight line, f - adder, p - orc
Aim: an adder (severely wounded, chance to affect: 63%)
The adder seems to slow down.
You feel sick.
You are no longer poisoned.
The adder bites you.
* * * LOW HITPOINT WARNING * * *
The orc hits you with a +0 mace.
You die...
Your body glows slightly and disappears.

######## ##......#
#.......#
####.......##############
.).'.......+...S@##.....#
####.......#####o##.###.#
####.......# #.##.# #.#
...'.......# #....# #.#
####.......# #.#### #.#
#......##### #.# #.#
#......# ######.######.#
#......# #...........#.#
#......# #.####.###....#


You could see an adder (slow) and an orc (slow).

Vanquished Creatures
  An orc priest (D:3)
  Jessica (D:2)
  A gnoll (D:1)
  2 adders
  3 worms (D:2)
  3 dart slugs
  4 orcs (D:3)
  7 ball pythons
  5 endoplasms
  3 goblins
  5 hobgoblins
  3 jackals (D:2)
  5 kobolds
  2 quokkas (D:2)
  5 bats
  2 frilled lizards
  3 rats (D:3)
55 creatures vanquished.

Notes
Turn   | Place    | Note
-------+----------+-------------------------------------------
     0 | D:1      | DskReedErrur the Deep Elf Hexslinger began the quest for
                  | the Orb.
     0 | D:1      | Reached XP level 1. HP: 11/11 MP: 5/5
   158 | D:1      | Reached XP level 2. HP: 13/16 MP: 5/7
   558 | D:1      | Reached XP level 3. HP: 10/20 MP: 7/9
   603 | D:1      | Reached skill level 5 in Hexes
   873 | D:1      | Learned a level 3 spell: Inner Flame
   877 | D:1      | Learned a level 3 spell: Portal Projectile
  1068 | D:2      | Noticed Jessica
  1092 | D:2      | Killed Jessica
  1093 | D:2      | Reached XP level 4. HP: 14/24 MP: 9/11
  1181 | D:2      | Found a faded altar of an unknown god.
  1190 | D:2      | Prayed at the altar of an unknown god.
  1190 | D:2      | Became a worshipper of Nemelex Xobeh the Trickster
  1190 | D:2      | Reached * piety under Nemelex Xobeh
  1567 | D:2      | Received a gift from Nemelex Xobeh
  1947 | D:2      | Reached skill level 1 in Translocations
  2254 | D:3      | Found Donief's Magic Scroll Shop.
  2328 | D:3      | Reached XP level 5. HP: 28/28 MP: 6/12
  2446 | D:2      | Slain by an orc

Illustrated notes

Levels and vault maps discovered:
D:1:      ebering_trefoil_twist, layout_basic
D:2:      layout_basic, dreamdust_ecumenical_altar_statues, grunt_ministairs_1,
          uniq_jessica
D:3:      minmay_diamond_boxcup, layout_rooms, mainiacjoe_overflow_paths,
          mainiacjoe_overflow_surrounded_room, serial_shops,
          nicolae_square_shop, kennysheep_potato, uniq_grinder

Skill      XL: |  1  2  3  4 |
---------------+-------------+-----
Spellcasting   | 2 3 |  3.3
Ranged Weapons | 3 4 |  4.3
Hexes          | 5 |  5.4
Translocations | 2 |  2.1
Fighting       | |  0.7
Dodging        | |  2.4

Action                     |  1- 3 |  4- 6 || total
---------------------------+-------+-------++-------
  Melee: Dagger            |    42 |     5 ||    47
   Fire: Sling             |    58 |   148 ||   206
   Cast: Slow              |    17 |    25 ||    42
         Portal Projectile |       |     3 ||     3
         Inner Flame       |       |     1 ||     1
    Use: Scroll            |     2 |     7 ||     9
         Potion            |     1 |     5 ||     6
   Stab: Sleeping          |     1 |       ||     1
 Armour: Robe              |     4 |    17 ||    21
  Dodge: Dodged            |    27 |    72 ||    99

Table legend: (Time is in decaauts)
 A = Elapsed time spent in this place.
 B = Non-inter-level travel time spent in this place.
 C = Inter-level travel time spent in this place.
 D = Time resting spent in this place.
 E = Time spent auto-exploring this place.
 F = Levels seen in this place.
 G = Mean time per level.
                   A        B        C        D        E       F      G
               +--------+--------+--------+--------+--------+-----+--------+
         Total |   2467 |   2408 |     59 |    320 |   1234 |   3 |  822.3 |
       Dungeon |   2467 |   2408 |     59 |    320 |   1234 |   3 |  822.3 |
               +--------+--------+--------+--------+--------+-----+--------+

Top non-repeatable levels by time:
     D:2: 1346 daAuts
     D:1: 907 daAuts
     D:3: 214 daAuts
